details: '3-way stab kingofthedlcks is a dlck him'

« prev index next »

General information

Mini Map

Players

team 1
OrcKlNGOFTHEDlCKS (purple | 36 APM | 1051 actions | 29:17)
Hero icon 4 Blademaster
Ability icon 1 Mirror Image
Ability icon 1 Wind Walk
Ability icon 2 Critical Strike
Hero icon 2 Shadow Hunter
Ability icon 1 Healing Wave
Ability icon 1 Hex
Hero icon 1 Archmage
Ability icon 1 Summon Water Elemental

» actions
Basic commands14
Build / train47
Enter build submenu17
Enter hero's abilities submenu7
Remove unit from queue1
Right click523
Select / deselect371
Use ability71
1051 total
» units
Peon8
Wind Rider9
Knight5
Peasant1
23 total
» upgrades
Plating2
Lumber Harvesting1
Masonry1
4 total
» buildings
Altar of Storms1
Orc Burrow8
Stronghold1
War Mill1
Voodoo Lounge1
Beastiary2
Watch Tower1
Great Hall1
Fortress1
Lumber Mill1
Town Hall1
19 total
» build order
00:10 Altar of Storms
00:21 Orc Burrow
01:49 Stronghold
01:54 War Mill
02:02 Voodoo Lounge
02:34 Orc Burrow
03:04 Orc Burrow
04:34 Beastiary
04:37 Beastiary
05:27 Orc Burrow
06:22 Orc Burrow
07:27 Orc Burrow
07:29 Orc Burrow
07:49 Watch Tower
08:08 Orc Burrow
10:58 Great Hall
12:23 Fortress
21:26 Lumber Mill
25:18 Town Hall
» items
Healing Salve4
Lesser Clarity Potion1
Scroll of Town Portal2
7 total
HumanYoshiMetzu (blue | 27 APM | 581 actions | 21:16)
Hero icon 4 Mountain King
Ability icon 2 Thunder Clap
Ability icon 1 Storm Bolt
Ability icon 1 Bash

» actions
Basic commands15
Build / train54
Enter build submenu17
Enter hero's abilities submenu4
Right click163
Select / deselect296
Use ability32
581 total
» units
Peasant6
Footman12
Rifleman6
Knight9
33 total
» upgrades
Swords2
Masonry1
Gunpowder2
Plating1
Lumber Harvesting1
Armor1
Animal War Training1
9 total
» buildings
Altar of Kings1
Farm7
Lumber Mill1
Barracks2
Blacksmith1
Keep1
Scout Tower3
Guard Tower3
Arcane Vault1
Castle1
21 total
» build order
00:07 Altar of Kings
00:10 Farm
00:35 Farm
01:05 Lumber Mill
01:28 Barracks
01:36 Farm
02:19 Blacksmith
02:36 Farm
04:19 Keep
04:29 Barracks
04:53 Scout Tower
05:23 Guard Tower
05:26 Scout Tower
06:45 Guard Tower
08:30 Arcane Vault
08:56 Castle
11:56 Farm
12:00 Farm
17:34 Scout Tower
18:25 Guard Tower
19:08 Farm
» items
Scroll of Town Portal2
2 total
HumanTheWonderfulOgo (yellow | 45 APM | 1355 actions | 29:47)
Hero icon 7 Archmage
Ability icon 3 Summon Water Elemental
Ability icon 3 Brilliance Aura
Ability icon 1 Mass Teleport

» actions
Assign group hotkey20
Basic commands50
Build / train56
Enter build submenu45
Enter hero's abilities submenu7
Give item / drop item10
Remove unit from queue1
Right click591
Select / deselect323
Select group hotkey159
Use ability93
1355 total
» units
Peasant12
Footman4
Goblin Shredder1
Gryphon Rider4
21 total
» upgrades
Masonry1
Animal War Training1
Storm Hammers1
Swords3
Armor3
Cloud1
10 total
» buildings
Altar of Kings1
Barracks1
Farm6
Keep1
Arcane Vault2
Town Hall5
Scout Tower29
Lumber Mill1
Castle1
Gryphon Aviary4
Blacksmith2
Guard Tower7
60 total
» build order
00:42 Altar of Kings
00:43 Barracks
00:52 Farm
00:53 Farm
01:06 Farm
01:45 Farm
03:20 Keep
04:10 Arcane Vault
04:31 Town Hall
04:35 Scout Tower
04:35 Scout Tower
04:36 Scout Tower
04:36 Scout Tower
04:51 Lumber Mill
06:27 Farm
06:31 Castle
07:16 Gryphon Aviary
07:17 Gryphon Aviary
07:18 Gryphon Aviary
07:22 Gryphon Aviary
07:57 Blacksmith
08:00 Blacksmith
08:06 Guard Tower
08:26 Guard Tower
09:14 Farm
13:48 Arcane Vault
15:58 Scout Tower
16:01 Scout Tower
16:02 Scout Tower
16:03 Scout Tower
16:06 Scout Tower
16:07 Scout Tower
16:09 Scout Tower
16:11 Scout Tower
16:12 Scout Tower
16:14 Scout Tower
16:15 Scout Tower
17:17 Guard Tower
17:43 Town Hall
17:57 Scout Tower
17:57 Scout Tower
17:58 Scout Tower
17:58 Scout Tower
17:59 Scout Tower
18:00 Scout Tower
18:00 Scout Tower
18:41 Guard Tower
19:30 Town Hall
19:41 Scout Tower
19:41 Scout Tower
19:42 Scout Tower
19:43 Scout Tower
19:45 Scout Tower
19:45 Scout Tower
19:46 Scout Tower
21:22 Guard Tower
21:25 Guard Tower
22:57 Town Hall
23:43 Town Hall
23:52 Guard Tower
» items
Scroll of Regeneration2
Scroll of Town Portal2
Periapt of Vitality3
7 total
OrcTUNAFISH-EATER (orange | 53 APM | 1584 actions | 29:49)
Hero icon 4 Blademaster
Ability icon 2 Wind Walk
Ability icon 2 Critical Strike
Hero icon 3 Shadow Hunter
Ability icon 2 Hex
Ability icon 1 Healing Wave
Hero icon 2 Tauren Chieftain
Ability icon 1 War Stomp
Ability icon 1 Endurance Aura

» actions
Assign group hotkey38
Basic commands57
Build / train66
Enter build submenu28
Enter hero's abilities submenu9
Give item / drop item4
Right click488
Select / deselect207
Select group hotkey549
Use ability138
1584 total
» units
Peon21
Goblin Shredder1
Wind Rider1
Raider2
25 total
» upgrades
Ranged Weapons3
Reinforced Defenses1
Envenomed Spears1
Armor2
War Drums Damage Increase1
Ensnare1
Pillage1
Backpack1
Melee Weapons1
Spiked Barricades1
13 total
» buildings
Altar of Storms1
Orc Burrow3
War Mill2
Voodoo Lounge1
Watch Tower22
Stronghold2
Great Hall4
Beastiary3
Fortress2
Tauren Totem1
Spirit Lodge1
42 total
» build order
00:07 Altar of Storms
00:14 Orc Burrow
00:41 War Mill
01:42 Voodoo Lounge
01:54 Watch Tower
02:09 Watch Tower
02:32 Watch Tower
03:16 Orc Burrow
03:55 Stronghold
03:55 Stronghold
04:10 Watch Tower
04:11 Watch Tower
04:45 Orc Burrow
05:27 Great Hall
06:01 Watch Tower
06:01 Watch Tower
06:02 Watch Tower
06:53 Watch Tower
07:33 Great Hall
10:15 Watch Tower
10:16 Watch Tower
10:16 Watch Tower
10:19 Watch Tower
10:32 Great Hall
11:25 Watch Tower
11:26 Watch Tower
12:05 Beastiary
12:36 Beastiary
12:57 War Mill
14:13 Watch Tower
14:14 Watch Tower
14:14 Watch Tower
14:15 Watch Tower
14:15 Watch Tower
14:55 Fortress
15:04 Beastiary
16:37 Great Hall
22:10 Tauren Totem
22:14 Spirit Lodge
» items
Healing Salve3
Staff of Teleportation3
Potion of Healing1
Potion of Mana2
Boots of Speed1
10 total
team 2
NightElfWVUMountaineer (green | 34 APM | 781 actions | 22:51)
Hero icon 4 Priestess of the Moon
Ability icon 2 Trueshot Aura
Ability icon 1 Scout
Ability icon 1 Searing Arrows
Hero icon 1 Blood Mage
Ability icon 1 Banish

» actions
Assign group hotkey9
Build / train54
Enter build submenu17
Enter hero's abilities submenu5
Give item / drop item1
Right click322
Select / deselect287
Select group hotkey42
Use ability44
781 total
» units
Wisp14
Huntress6
Archer12
Hippogryph2
Rifleman4
38 total
» upgrades
Strength of the Moon2
Improved Bows1
Sentinel1
Long Rifles1
Gunpowder1
6 total
» buildings
Moon Well5
Altar of Elders1
Hunter's Hall1
Ancient of War2
Ancient of Wonders1
Tree of Ages1
Tree of Life3
Tree of Eternity1
Ancient of Wind1
Farm2
18 total
» build order
00:18 Moon Well
01:12 Altar of Elders
01:41 Hunter's Hall
01:42 Ancient of War
01:53 Ancient of War
02:12 Moon Well
02:31 Moon Well
04:34 Ancient of Wonders
05:20 Moon Well
06:07 Tree of Ages
07:09 Tree of Life
07:58 Moon Well
10:12 Tree of Eternity
10:15 Ancient of Wind
17:22 Tree of Life
18:50 Farm
18:56 Farm
19:14 Tree of Life
» items
Scroll of Healing1
Potion of Lesser Invulnerability1
2 total
Random» Humannahar (teal | 7 APM | 65 actions | 09:59)

» actions
Basic commands1
Build / train8
ESC pressed3
Enter build submenu3
Right click18
Select / deselect30
Use ability2
65 total
» units
Footman6
Peasant2
8 total
» buildings
Barracks2
2 total
» build order
00:59 Barracks
01:21 Barracks
Random» HumanJustLearning (pink | 41 APM | 750 actions | 18:30)
Hero icon 1 Blood Mage
Ability icon 1 Flame Strike

» actions
Basic commands64
Build / train37
Enter build submenu20
Enter hero's abilities submenu1
Right click394
Select / deselect201
Use ability33
750 total
» units
Peasant11
Footman20
31 total
» buildings
Altar of Kings1
Barracks2
Farm7
Scout Tower2
Arcane Tower1
Lumber Mill1
Keep1
Castle1
Blacksmith1
17 total
» build order
00:14 Altar of Kings
00:25 Barracks
00:54 Farm
00:56 Farm
01:32 Barracks
02:30 Farm
03:00 Scout Tower
03:17 Farm
03:35 Arcane Tower
04:02 Farm
04:15 Scout Tower
05:30 Lumber Mill
07:09 Keep
10:54 Castle
18:03 Blacksmith
18:09 Farm
18:12 Farm
HumanPlasticSoldiers (red | 101 APM | 3018 actions | 29:49)
Hero icon 10 Archmage
Ability icon 3 Summon Water Elemental
Ability icon 3 Brilliance Aura
Ability icon 1 Mass Teleport
Ability icon 3 Blizzard

» actions
Assign group hotkey199
Basic commands183
Build / train158
ESC pressed7
Enter build submenu44
Enter hero's abilities submenu10
Give item / drop item3
Right click1009
Select / deselect378
Select group hotkey804
Use ability223
3018 total
» units
Peasant20
Footman7
Rifleman16
Goblin Shredder3
46 total
» upgrades
Masonry3
Long Rifles1
Armor3
Gunpowder3
Lumber Harvesting2
Swords3
Plating3
Backpack1
19 total
» buildings
Altar of Kings1
Barracks2
Farm5
Blacksmith1
Scout Tower30
Lumber Mill2
Arcane Tower5
Town Hall4
Keep2
Arcane Vault1
Guard Tower25
Castle3
81 total
» build order
01:02 Altar of Kings
01:03 Barracks
01:07 Farm
01:17 Farm
01:49 Farm
02:18 Blacksmith
02:47 Farm
03:38 Scout Tower
03:41 Lumber Mill
04:08 Arcane Tower
04:31 Farm
05:39 Town Hall
06:41 Keep
06:41 Keep
07:22 Arcane Vault
07:25 Scout Tower
07:27 Scout Tower
07:28 Scout Tower
07:39 Scout Tower
07:39 Scout Tower
07:42 Scout Tower
07:42 Scout Tower
07:46 Scout Tower
07:46 Scout Tower
07:47 Scout Tower
07:48 Scout Tower
08:00 Arcane Tower
08:00 Guard Tower
08:00 Guard Tower
08:00 Guard Tower
08:04 Scout Tower
08:06 Scout Tower
08:07 Scout Tower
08:08 Scout Tower
08:09 Scout Tower
08:13 Guard Tower
08:15 Scout Tower
08:16 Scout Tower
09:04 Guard Tower
09:15 Guard Tower
09:15 Guard Tower
10:45 Castle
10:46 Castle
10:46 Castle
11:17 Guard Tower
12:07 Scout Tower
12:07 Scout Tower
12:37 Barracks
12:40 Guard Tower
12:59 Guard Tower
16:11 Lumber Mill
16:33 Town Hall
16:36 Scout Tower
16:37 Scout Tower
16:38 Scout Tower
16:40 Scout Tower
16:46 Scout Tower
16:47 Scout Tower
16:48 Scout Tower
16:48 Scout Tower
16:52 Scout Tower
17:14 Guard Tower
17:14 Guard Tower
17:14 Guard Tower
17:46 Guard Tower
17:46 Guard Tower
18:17 Arcane Tower
18:17 Arcane Tower
20:33 Guard Tower
20:34 Guard Tower
25:23 Town Hall
28:23 Town Hall
» items
Scroll of Regeneration5
Ivory Tower3
Scroll of Town Portal3
Potion of Healing1
Sentry Wards1
Healing Wards1
Staff of Sanctuary1
Mechanical Critter2
Potion of Lesser Invulnerability1
Scroll of Protection1
19 total

Chat log

(00:05 / Allies) KlNGOFTHEDlCKS: fast air
(00:27 / Allies) TUNAFISH-EATER: someone feed me?
(00:31 / All) TUNAFISH-EATER: lots of level 1's
(00:38 / All) TheWonderfulOgo: I'm sorry mr police man if I wanted to talk I would have called a friend
(00:52 / All) KlNGOFTHEDlCKS: i dont get it
(01:15 / All) TheWonderfulOgo: Just because I lost it doesn't mean I want it back
(01:44 / All) KlNGOFTHEDlCKS: those are bieber lyrics right?
(01:58 / All) TheWonderfulOgo: you a fan of the biebs too?
(02:07 / All) KlNGOFTHEDlCKS: man he is just killing it right now
(02:19 / All) KlNGOFTHEDlCKS: amiright?
(02:20 / All) TheWonderfulOgo: greatest artist of his generation for sure
(02:29 / All) KlNGOFTHEDlCKS: hands down
(02:41 / All) JustLearning: gg
(02:42 / All) KlNGOFTHEDlCKS: its really not even close
(03:00 / All) TheWonderfulOgo: Selena Gomez his ex is pretty talented as well
(03:07 / All) TheWonderfulOgo: talented c cups
(03:10 / Allies) YoshiMetzu: gg
(03:13 / Allies) YoshiMetzu: wewin
(03:26 / All) KlNGOFTHEDlCKS: she doesnt deserve to lick biebs ballsack
(03:35 / All) TheWonderfulOgo: I agree
(03:40 / All) TheWonderfulOgo: Biebs can easily do better
(03:44 / All) KlNGOFTHEDlCKS: time for a new hobby teal
(03:53 / All) TheWonderfulOgo: every female 10-18 wnats his D
(04:06 / All) KlNGOFTHEDlCKS: and a few dude
(04:11 / All) KlNGOFTHEDlCKS: not saying im one
(04:17 / All) KlNGOFTHEDlCKS: but if the opportunity were there
(04:24 / All) KlNGOFTHEDlCKS: id at least think aobut it
(04:55 / All) KlNGOFTHEDlCKS: in a way it would be gay not too
(05:50 / Allies) KlNGOFTHEDlCKS: tp now
(06:39 / Allies) TUNAFISH-EATER: oops

(08:56 / All) JustLearning: green and teal so bad
(09:17 / Allies) TUNAFISH-EATER: help somebody 2 here

(10:34 / Allies) TUNAFISH-EATER: WOOD
(11:30 / Allies) TUNAFISH-EATER: the tree blue
(11:32 / Allies) TUNAFISH-EATER: not the barracks
(12:31 / Allies) KlNGOFTHEDlCKS: need one of you
(12:51 / Allies) KlNGOFTHEDlCKS: now
(13:02 / Allies) KlNGOFTHEDlCKS: wtf
(13:02 / Allies) KlNGOFTHEDlCKS: now
(13:20 / Allies) KlNGOFTHEDlCKS: fuck you all
(13:40 / All) PlasticSoldiers: Are you having as much fun as I am, orctrash purple?
(13:48 / All) PlasticSoldiers: Jesus christ you're bad
(13:59 / All) KlNGOFTHEDlCKS: is that why you needed green to take me out?
(14:17 / All) JustLearning: purp u woulda been dead had green rushed with us
(14:24 / All) JustLearning: thats why im tking green
(14:27 / All) JustLearning: cuz hes a dumbass
(14:30 / All) JustLearning: he was creeping
(14:34 / All) TUNAFISH-EATER: green had em busy dude
(14:34 / All) PlasticSoldiers: Point is I am winning
(14:36 / All) TUNAFISH-EATER: he did his job
(14:46 / All) PlasticSoldiers: ATTACKING WITH PEONS LOL
(14:53 / All) JustLearning: GREEN HAD THE CREEPS BUSY?
(15:07 / All) JustLearning: HE WAS FuCKING CREEPING WHEN WE HAD THE GAME WON
(15:15 / All) PlasticSoldiers: MASS TP GG
(15:22 / All) TheWonderfulOgo: I'm creeping too
(15:35 / All) PlasticSoldiers: Enjoy your solo bm purple too bad you suck at using it
(15:43 / Allies) KlNGOFTHEDlCKS: what the fuck are you doing
(15:47 / Allies) TUNAFISH-EATER: what?
(15:53 / Allies) TheWonderfulOgo: creepin
(15:54 / Allies) TUNAFISH-EATER: we're creeping
(15:55 / Allies) KlNGOFTHEDlCKS: what do you mean waht
(16:03 / Allies) KlNGOFTHEDlCKS: you let them take my base tyou fucking noobs
(16:12 / Allies) KlNGOFTHEDlCKS: fucking yellow has 8k gold
(16:19 / All) JustLearning: how the fuck is green lvl 30
(16:21 / All) JustLearning: he sucks
(16:22 / Allies) TheWonderfulOgo: you ain't important in the grand scheme of things
(16:30 / All) PlasticSoldiers: Least he's not purple
(16:34 / All) KlNGOFTHEDlCKS: yellow has 8k gold
(17:03 / All) TUNAFISH-EATER: just passing by pink
(17:06 / Allies) KlNGOFTHEDlCKS: yellow
(17:07 / Allies) KlNGOFTHEDlCKS: fucking
(17:08 / Allies) KlNGOFTHEDlCKS: spend
(17:08 / Allies) KlNGOFTHEDlCKS: you
(17:10 / Allies) KlNGOFTHEDlCKS: your
(17:11 / Allies) KlNGOFTHEDlCKS: gold
(17:15 / Allies) TheWonderfulOgo: y
(17:16 / All) JustLearning: he dead
(17:19 / All) TUNAFISH-EATER: green got any wisps lol
(17:23 / All) JustLearning: he has wisp at purp old base tho
(17:25 / Allies) KlNGOFTHEDlCKS: more farms
(17:30 / Allies) KlNGOFTHEDlCKS: pump a shitload of units
(17:34 / Allies) KlNGOFTHEDlCKS: wtf is wrong with you
(17:50 / Allies) KlNGOFTHEDlCKS: farms
(17:52 / Allies) KlNGOFTHEDlCKS: more units
(18:38 / All) PlasticSoldiers: nice
(18:42 / All) PlasticSoldiers: Good blademaster control
(18:44 / All) TUNAFISH-EATER: pwn
(19:04 / Allies) KlNGOFTHEDlCKS: plz
(19:07 / Allies) KlNGOFTHEDlCKS: for the love of god
(19:11 / Allies) KlNGOFTHEDlCKS: stop fucking standing around
(19:13 / All) PlasticSoldiers: You know purple is pro with hero control like that
(19:16 / All) TUNAFISH-EATER: '
(19:18 / All) TUNAFISH-EATER: LOL
(19:25 / Allies) TheWonderfulOgo: what's the problem? chill out
(19:28 / All) TUNAFISH-EATER: we're creeping dude
(19:36 / Allies) KlNGOFTHEDlCKS: ur losing
(19:39 / Allies) KlNGOFTHEDlCKS: you know that right?
(19:56 / Allies) TheWonderfulOgo: I don't know that
(20:04 / All) TUNAFISH-EATER: why attack me pink
(20:14 / Allies) KlNGOFTHEDlCKS: my god blue
(20:21 / Allies) KlNGOFTHEDlCKS: get back you fucking dipshit
(20:40 / Allies) KlNGOFTHEDlCKS: just leave blue
(20:42 / Allies) TUNAFISH-EATER: uh
(20:45 / Allies) KlNGOFTHEDlCKS: you are fucking pathetic
(20:46 / Allies) TUNAFISH-EATER: where the hell is our 4th man?
(21:01 / Allies) KlNGOFTHEDlCKS: ur a fucking dickhead oj
(21:02 / Allies) TUNAFISH-EATER: me and yellow hav eexpos and blue has none
(21:11 / Allies) TUNAFISH-EATER: wtf
(21:15 / Allies) TUNAFISH-EATER: where is our 4th player blue?
(21:15 / All) KlNGOFTHEDlCKS: yellow has 10k gold now

(23:55 / All) KlNGOFTHEDlCKS: red just set the record for most shit talking out of a guy that lost the game
(24:03 / All) PlasticSoldiers: LOL
(24:05 / All) PlasticSoldiers: He thinks he won
(24:07 / All) TUNAFISH-EATER: red sucks w/e
(24:58 / Allies) KlNGOFTHEDlCKS: stop
(25:35 / Allies) TUNAFISH-EATER: watch me rape red
(25:46 / All) PlasticSoldiers: Wow
(25:48 / All) PlasticSoldiers: orange sucks
(25:49 / All) PlasticSoldiers: free xp
(25:55 / All) PlasticSoldiers: It's as bad as all the purple free xp
(26:42 / Allies) KlNGOFTHEDlCKS: yellow
(26:43 / Allies) KlNGOFTHEDlCKS: seriously
(26:45 / Allies) KlNGOFTHEDlCKS: lets go
(26:50 / Allies) TheWonderfulOgo: go where
(26:56 / Allies) KlNGOFTHEDlCKS: end the game
(26:56 / Allies) KlNGOFTHEDlCKS: now
(27:09 / Allies) TheWonderfulOgo: lead the way hoss
(27:38 / Allies) TheWonderfulOgo: It's your world now
(28:16 / Allies) KlNGOFTHEDlCKS: i hate you yellow
(28:31 / Allies) TUNAFISH-EATER: what did yellow do
(28:38 / Allies) KlNGOFTHEDlCKS: nothing
(28:40 / Allies) KlNGOFTHEDlCKS: all game
(28:41 / Allies) KlNGOFTHEDlCKS: nothing
(28:41 / All) PlasticSoldiers: is purple using blue lol
(29:08 / Allies) KlNGOFTHEDlCKS: seriously choke on a dick kid
(29:11 / All) TheWonderfulOgo: freakin' traitor
(29:15 / Allies) KlNGOFTHEDlCKS: ur a fucking retard
(29:22 / All) TheWonderfulOgo: lol
(29:24 / All) PlasticSoldiers: I think he may have been a bit angry
(29:27 / All) TheWonderfulOgo: yeh
(29:28 / All) TUNAFISH-EATER: i will take note of his name
(29:30 / All) PlasticSoldiers: Which team gets the loss?
(29:34 / All) TUNAFISH-EATER: i say ours
(29:34 / All) TheWonderfulOgo: upload the chat jake
(29:42 / All) TUNAFISH-EATER: break?
(29:43 / All) TheWonderfulOgo: purple gets loss